Map: Nightshade LE

Players

Bunny

  • Race: Terran Terran
  • League: Diamond
  • Spawn Location: 11:00

liquidthermy (uThermal) - Winner!

  • Race: Terran Terran
  • Spawn Location: 5:00

VOD

Have the link to the VOD?

Description

Time

  • Played on: Jan. 14, 2020, 2:36 p.m.
  • Length: 12:13
Show
View Real Time Build Order
Export as new Build Order

Bunny Terran 

Build Orders:  

Get SALT Encoding   

  12  0:01  SCV  
  13  0:13  SCV  
  14  0:17  Supply Depot  
  14  0:25  SCV  
  14  0:28  Refinery  
  15  0:39  SCV  
  16  0:45  Barracks  
  16  0:52  Refinery  
  16  0:54  SCV  
  17  1:06  SCV  
  18  1:19  SCV  
  19  1:33  Reaper, Orbital Command  
  19  1:36  Factory  
  20  1:58  SCV  
  20  1:59  Supply Depot  
  21  2:05  Reaper  
  22  2:10  SCV  
  23  2:21  Hellion  
  25  2:26  Command Center  
  25  2:28  SCV  
  26  2:37  Reaper  
  26  2:40  SCV  
  26  2:42  Hellion  
  30  2:45  Supply Depot  
  30  2:52  SCV  
  30  2:57  Starport  
  31  3:04  Factory Tech Lab  
  31  3:06  SCV  
  31  3:11  Barracks Tech Lab  
  32  3:18  SCV  
  33  3:24  Cyclone  
  36  3:30  SCV  
  37  3:39  Orbital Command  
  37  3:43  SCV  
  38  3:50  Command Center  
  38  3:52  Raven  
  38  3:55  SCV  
  41  4:01  Barracks Reactor  
  41  4:06  SCV  
  41  4:07  SCV  
  43  4:18  SCV  
  43  4:19  SCV  
  43  4:23  Supply Depot  
  45  4:25  Siege Tank  
  44  4:32  SCV x2  
  46  4:44  SCV x2  
  48  4:46  Marine, Refinery, Stimpack  
  48  4:47  Barracks, Refinery  
  48  4:49  Barracks  
  49  4:53  Starport Reactor  
  49  4:56  SCV x2  
  51  5:02  Orbital Command  
  51  5:07  Marine  
  51  5:08  SCV x2  
  54  5:15  Engineering Bay, Siege Tank  
  54  5:17  Engineering Bay  
  54  5:20  SCV x2  
  59  5:25  Marine  
  60  5:29  SCV  
  60  5:32  SCV x2  
  65  5:37  Supply Depot  
  65  5:40  Barracks Reactor  
  65  5:41  Marine, Viking x2  
  68  5:43  SCV  
  68  5:47  SCV, Supply Depot  
  70  5:53  Terran Infantry Weapons Level 1, Terran Infantry Armor Level 1  
  70  6:00  SCV x3  
  70  6:01  Supply Depot  
  70  6:02  Marine  
  74  6:08  Siege Tank  
  77  6:14  Marine x2  
  77  6:17  Marine x2  
  81  6:19  Marine  
  81  6:21  Barracks  
  81  6:23  Barracks  
  81  6:25  Medivac  
  84  6:27  Medivac  
  84  6:31  Combat Shield  
  86  6:35  SCV x2  
  86  6:36  Orbital Command  
  86  6:38  Marine x5  
  94  6:47  SCV x2  
  94  6:49  Siege Tank  
  98  6:56  Marine x3, Supply Depot  
  101  7:04  Supply Depot  
  101  7:06  Supply Depot  
  101  7:09  Barracks Reactor  
  101  7:13  Barracks Reactor  
  101  7:14  Supply Depot  
  101  7:17  Marine x2, SCV, Medivac x2, Refinery  
  101  7:18  SCV  
  101  7:19  Refinery  
  109  7:25  SCV, Siege Tank  
  109  7:30  SCV x2  
  109  7:35  Armory  
  110  7:37  SCV  
  110  7:38  Missile Turret  
  110  7:42  SCV  
  110  7:43  Marine x5  
  118  7:48  Medivac  
  118  7:49  SCV  
  116  7:57  Siege Tank  
  118  7:59  Marine x4  
  122  8:10  Supply Depot  
  119  8:20  Marine x3  
  119  8:21  Marine x2  
  119  8:22  Marine x2  
  119  8:26  Marine x2, Medivac  
  118  8:29  Medivac  
  115  8:38  Marine x3  
  115  8:39  Marine x2, Siege Tank  
  115  8:40  Marine x2  
  122  8:43  Marine  
  123  8:57  Command Center  
  123  9:00  Command Center  
  123  9:01  Marine x2  
  126  9:08  Terran Infantry Weapons Level 2, Terran Infantry Armor Level 2  
  125  9:12  Supply Depot  
  125  9:13  Supply Depot  
  125  9:16  Supply Depot  
  124  9:33  Siege Tank  
  124  9:36  Marine x5  
  124  9:37  Marine x4  
  134  9:43  SCV x2  
  136  9:54  Marine x6  
  131  10:01  Marine x2  
  131  10:02  Marine  
  131  10:05  Siege Tank  
  137  10:07  SCV x2  
  137  10:11  Orbital Command  
  137  10:12  Marine  
  140  10:16  Orbital Command  
  140  10:19  SCV x2  
  142  10:33  Marine, Viking x2  
  142  10:34  Marine x4  
  142  10:35  Marine  
  148  10:38  SCV x2  
  148  10:42  Siege Tank  
  151  10:43  SCV  
  140  10:59  Marine x5  
  140  11:00  Marine x3  
  146  11:07  SCV x4  
  146  11:09  Viking, Refinery x2  
  152  11:14  Siege Tank  
  145  11:20  Marine  
  145  11:21  Marine x6  
  145  11:22  Marine  
  118  11:35  Marine  
  118  11:38  Marine x3  
  118  11:39  Marine x4  
  126  11:40  Marine  
  131  11:53  Marine  
Show
View Real Time Build Order
Export as new Build Order

liquidthermy Terran - Winner!

Build Orders:  

Get SALT Encoding   

  12  0:01  SCV  
  13  0:13  SCV  
  14  0:17  Supply Depot  
  14  0:25  SCV  
  15  0:38  SCV  
  15  0:40  Barracks  
  15  0:42  Refinery  
  16  0:50  SCV  
  17  0:58  Barracks  
  17  1:03  SCV  
  18  1:15  SCV  
  19  1:27  Orbital Command, Reaper  
  19  1:32  Supply Depot  
  20  1:46  Reaper  
  21  1:53  SCV  
  22  2:01  Reaper  
  22  2:05  SCV  
  24  2:13  Command Center  
  24  2:17  SCV  
  24  2:19  Refinery  
  25  2:24  Marine  
  25  2:29  SCV  
  27  2:33  Marine  
  27  2:36  Bunker  
  28  2:41  SCV  
  28  2:43  Factory  
  29  2:48  Marine  
  29  2:53  SCV  
  29  2:54  Barracks Reactor  
  30  2:59  Supply Depot  
  30  3:07  Barracks Tech Lab  
  30  3:09  SCV  
  31  3:21  SCV  
  31  3:25  Orbital Command  
  31  3:26  Marine  
  33  3:27  Factory Tech Lab  
  33  3:31  Starport  
  33  3:33  SCV  
  34  3:35  Marine  
  34  3:37  Marine  
  36  3:45  SCV  
  36  3:47  Cyclone  
  40  3:50  SCV  
  40  3:54  Refinery  
  40  3:55  Marine  
  42  3:57  Marine  
  42  3:59  Marine  
  42  4:01  SCV  
  45  4:04  SCV  
  45  4:07  Supply Depot  
  46  4:13  SCV  
  46  4:16  SCV, Marine  
  49  4:20  Marine  
  49  4:23  Raven  
  49  4:24  Marine  
  53  4:25  SCV  
  54  4:33  Factory Reactor  
  54  4:34  SCV  
  54  4:35  Marine  
  54  4:37  SCV  
  57  4:45  Command Center  
  57  4:48  Supply Depot  
  57  4:52  SCV  
  58  4:55  Marine, Stimpack  
  58  4:57  Marine  
  58  4:58  Marine  
  61  5:00  SCV  
  62  5:07  Supply Depot  
  62  5:10  SCV  
  62  5:12  SCV  
  64  5:15  Siege Tank  
  64  5:18  Marine x2  
  64  5:19  Marine  
  70  5:26  Barracks  
  70  5:28  SCV  
  70  5:35  SCV, Engineering Bay x2  
  72  5:39  Marine  
  72  5:40  SCV  
  72  5:41  Supply Depot  
  74  5:43  Marine x2  
  74  5:47  SCV  
  77  5:55  SCV  
  77  5:57  Supply Depot, Refinery  
  77  5:58  Orbital Command  
  77  6:00  Medivac  
  77  6:02  Medivac  
  77  6:04  SCV  
  82  6:07  SCV  
  82  6:12  Marine, Terran Infantry Weapons Level 1, Terran Infantry Armor Level 1  
  82  6:18  Barracks Reactor  
  83  6:19  Marine  
  83  6:20  SCV  
  83  6:21  SCV, Marine  
  87  6:26  Siege Tank  
  87  6:30  Marine  
  87  6:32  SCV  
  92  6:34  Orbital Command  
  92  6:37  Marine  
  92  6:39  Marine  
  94  6:43  Combat Shield  
  94  6:44  Barracks  
  94  6:45  SCV, Barracks  
  95  6:47  SCV  
  95  6:48  Marine  
  97  6:55  Marine  
  97  6:57  Marine x2  
  97  7:01  Siege Tank  
  104  7:03  SCV, Medivac  
  104  7:05  Medivac, Supply Depot  
  109  7:12  Supply Depot  
  109  7:15  SCV  
  109  7:17  Armory  
  109  7:27  Marine x5, SCV x3  
  117  7:31  Supply Depot  
  117  7:32  Barracks Reactor x2  
  117  7:33  Medivac  
  117  7:36  Supply Depot  
  119  7:39  SCV  
  119  7:40  Sensor Tower  
  119  7:42  Siege Tank  
  118  7:44  SCV, Marine x2  
  118  7:45  Marine x2  
  118  7:51  SCV  
  124  7:53  Marine  
  124  7:57  Medivac  
  124  8:02  Marine x3  
  123  8:07  Marine  
  123  8:09  Marine  
  123  8:10  Marine  
  123  8:14  Marine, Siege Tank  
  123  8:15  SCV  
  123  8:17  Marine  
  127  8:22  Marine  
  127  8:25  Marine  
  125  8:30  Marine x2  
  125  8:31  Marine  
  125  8:32  SCV, Terran Infantry Weapons Level 2  
  125  8:39  SCV  
  125  8:40  SCV, Marine, Refinery  
  119  8:42  Refinery  
  119  8:43  Missile Turret  
  119  8:44  SCV, Missile Turret  
  119  8:45  Marine, Missile Turret x2  
  119  8:46  Marine  
  122  8:50  Terran Infantry Armor Level 2  
  122  8:51  SCV  
  122  8:52  Marine  
  122  8:54  SCV  
  124  9:00  SCV, Siege Tank  
  124  9:02  Marine  
  128  9:03  Marine  
  128  9:06  SCV  
  128  9:07  Marine  
  128  9:09  Supply Depot  
  132  9:10  Marine x2, SCV  
  132  9:13  Marine, SCV  
  132  9:15  Marine  
  138  9:18  Marine  
  138  9:20  Supply Depot  
  138  9:21  Marine  
  140  9:25  Marine  
  140  9:26  Marine  
  141  9:31  Marine x2  
  141  9:32  Siege Tank  
  141  9:34  Marine  
  141  9:35  Marine x2, Supply Depot  
  149  9:41  Marine x2, Medivac x2  
  149  9:43  Marine  
  156  9:49  Marine, Supply Depot  
  156  9:51  Supply Depot  
  157  9:55  Marine  
  157  9:57  Marine  
  134  10:00  Marine  
  134  10:01  Marine  
  134  10:02  Marine x3  
  134  10:04  Marine, Siege Tank  
  143  10:07  Marine  
  143  10:11  Medivac  
  143  10:13  Marine  
  147  10:15  Marine  
  147  10:18  Marine, Medivac  
  147  10:19  Marine  
  147  10:20  Marine x3  
  155  10:24  Marine  
  155  10:27  Marine  
  157  10:31  Marine  
  157  10:33  Marine  
  159  10:36  Marine  
  159  10:37  Marine  
  159  10:38  Marine  
  159  10:40  Marine, Supply Depot  
  159  10:42  Marine  
  164  10:43  Marine  
  164  10:45  Marine, Siege Tank  
  164  10:49  Marine  
  170  10:51  Marine  
  169  10:59  Marine  
  169  11:01  Marine x2  
  169  11:02  Marine  
  169  11:04  Marine  
  169  11:07  Marine x2  
  169  11:09  Marine  
  169  11:13  Marine  
  165  11:21  Marine x2  
  165  11:22  Marine  
  158  11:26  Marine x2, Medivac, Command Center  
  158  11:29  Marine  
  158  11:31  Marine x2  
  165  11:39  Marine x2, Medivac  
  169  11:41  Marine  
  169  11:45  Marine x2  
  169  11:46  Marine  
  173  11:51  Marine  
  173  11:54  Marine x2  
Tags
 
Add a new tag
Caveats
  • Supply blocks, unpowered buildings, or Contaminate may cause inaccurate times.
  • Supply counts are checked every 10 seconds.